 Dungeon Crawl Stone Soup version 0.27-a0-1186-g8b4daa1eef (webtiles) character file.

Game seed: 5406805617264109345

112 karkarkar the Cudgeller (level 4, -4/41 HPs)
             Began as a Minotaur Berserker on May 20, 2021.
             Was a Believer of Trog.
             Slain by a gnoll
             ... wielding a +0 halberd
              (6 damage)
             ... on level 3 of the Dungeon.
             The game lasted 00:03:41 (1573 turns).

karkarkar the Cudgeller (Minotaur Berserker)        Turns: 1573, Time: 00:03:42

Health: -4/41      AC:  9    Str: 22    XL:     4   Next: 63%
Magic:  3/3        EV:  5    Int:  4    God:    Trog [**....]
Gold:   41         SH:  9    Dex: 10    Spells: 3/3 levels left

rFire    . . .     SeeInvis .   c - +2 dagger (vamp)
rCold    . . .     Faith    .   i - +2 kite shield
rNeg     . . .     Spirit   .   h - +0 chain mail
rPois    .         Reflect  .   (helmet restricted)
rElec    .         Harm     .   (no cloak)
rCorr    .         Rampage  .   (no gloves)
Will     .....                  (no boots)
Stlth    ..........             (no amulet)
HPRegen  0.13/turn              (no ring)
MPRegen  0.08/turn              (no ring)

@: lit by a corona, on berserk cooldown, hasted and slowed, glowing
A: horns 2, retaliatory headbutt
a: Renounce Religion, Berserk, Trog's Hand


You were on level 3 of the Dungeon.
You worshipped Trog.
Trog was pleased with you.
You visited 1 branch of the dungeon, and saw 3 of its levels.

You collected 41 gold pieces.

Inventory:

Hand Weapons
 a - a +0 mace
 c - a +2 vampiric dagger (weapon)
Armour
 h - a +0 chain mail (worn)
 i - a +2 kite shield (worn)
Scrolls
 e - a scroll of magic mapping {unknown}
 f - a scroll of amnesia {unknown}
 g - a scroll of teleportation {unknown}
 j - a scroll of enchant armour {unknown}
Potions
 b - a potion of cancellation {unknown}
 d - a potion of haste


   Skills:
 + Level 4.4 Fighting
 + Level 2.0 Short Blades
 + Level 4.7 Maces & Flails
 + Level 3.1 Armour
 + Level 2.4 Dodging
 + Level 0.2 Shields


You had 3 spell levels left.
You didn't know any spells.
Your spell library was empty.

Dungeon Overview and Level Annotations

Branches:
Dungeon (3/15)

Altars:


Innate Abilities, Weirdness & Mutations

You have a pair of horns on your head.
You reflexively headbutt those who attack you in melee.


Message History

Things that are here:
a +2 whip of venom; a +0 leather armour; a gnoll corpse You closely miss the gnoll.
The gnoll hits you with a +0 spear.
You closely miss the gnoll. The gnoll hits you but does no damage.
You puncture the gnoll!
You feel better.
The gnoll is almost dead.
You are no longer berserk.
You are exhausted.
You feel yourself slow down. You block the gnoll's attack.
You barely miss the gnoll.
The gnoll is almost dead.
The gnoll hits you but does no damage. You block the gnoll's attack.
You hit the gnoll.
You kill the gnoll!
Trog accepts your kill.
The gnoll hits you from afar with a +0 halberd!
You block the gnoll's attack. x3
Your Short Blades skill increases to level 2!
You hit the gnoll.
You feel better.
You headbutt the gnoll!
The gnoll is almost dead.
The gnoll hits you from afar with a +0 spear.
The gnoll barely misses you.
You hit the gnoll but do no damage.
The gnoll is almost dead.
You block the gnoll's attack. The gnoll hits you with a +0 flail.
The gnoll hits you from afar with a +0 halberd!
* * * LOW HITPOINT WARNING * * *
The gnoll hits you but does no damage.
You are too injured to fight recklessly!
You are too injured to fight recklessly!
You hit the gnoll but do no damage. Your headbutt misses the gnoll.
The gnoll is almost dead.
The gnoll barely misses you. The gnoll hits you but does no damage.
The gnoll hits you from afar with a +0 spear.
* * * LOW HITPOINT WARNING * * *
The gnoll barely misses you.
You hit the gnoll.
You feel better.
Your headbutt misses the gnoll.
The gnoll is almost dead.
The gnoll hits you from afar with a +0 halberd.
You die...

###
#######<#
#....##.#
#.....#.#
#....####
#.@g....#
#.#..####
#.###)#gg#
#.....#..#
....##..#..#
.# #..#...
#..##.#.
#..# ...
#...


You could see 3 gnolls.

Vanquished Creatures
  A gnoll shaman (D:3)
  2 adders
  A gnoll (D:3)
  2 worms (D:2)
  4 dart slugs
  An orc (D:2)
  4 endoplasms
  2 giant cockroaches (D:2)
  2 goblins
  5 hobgoblins
  2 jackals (D:1)
  A quokka (D:2)
  5 ball pythons
  3 bats
  3 frilled lizards
  3 kobolds (D:1)
  3 rats (D:2)
44 creatures vanquished.

Notes
Turn   | Place    | Note
-------+----------+-------------------------------------------
     0 | D:1      | karkarkar the Minotaur Berserker began the quest for the
                  | Orb.
     0 | D:1      | Reached XP level 1. HP: 19/19 MP: 0/0
   142 | D:1      | Reached XP level 2. HP: 25/27 MP: 1/1
   861 | D:2      | Reached XP level 3. HP: 33/33 MP: 2/2
  1044 | D:2      | Reached ** piety under Trog
  1223 | D:2      | Reached skill level 1 in Short Blades
  1547 | D:3      | Reached XP level 4. HP: 41/41 MP: 3/3
  1572 | D:3      | HP: 1/41 [gnoll/+0 spear (3)]
  1573 | D:3      | Slain by a gnoll

Illustrated notes

Levels and vault maps discovered:
D:1:      wander_arrival_estate, layout_loops_ring
D:2:      cheibrodos_helix_gallery, layout_basic, kennysheep_generic_room_3
D:3:      layout_basic, cheibrodos_sewer_entry_bend

Skill      XL: |  1  2  3  4 |
---------------+-------------+-----
Maces & Flails | 4 |  4.7
Fighting       | 4 |  4.4
Armour         | 3 |  3.1
Short Blades   | 1 2 |  2.0
Dodging        | |  2.4
Shields        | |  0.2

Action                   |  1- 3 |  4- 6 || total
-------------------------+-------+-------++-------
Melee: Mace              |    12 |       ||    12
       Dagger            |    93 |    13 ||   106
       Headbutt          |    20 |     2 ||    22
Invok: Berserk           |       |     1 ||     1
  Use: Potion            |     1 |       ||     1
Armor: Animal skin       |    12 |       ||    12
       Chain mail        |    28 |     6 ||    34
Dodge: Dodged            |    34 |     4 ||    38
Block: Kite shield       |    26 |     7 ||    33

Table legend: (Time is in decaauts)
 A = Elapsed time spent in this place.
 B = Non-inter-level travel time spent in this place.
 C = Inter-level travel time spent in this place.
 D = Time resting spent in this place.
 E = Time spent auto-exploring this place.
 F = Levels seen in this place.
 G = Mean time per level.
                   A        B        C        D        E       F      G
               +--------+--------+--------+--------+--------+-----+--------+
         Total |   1578 |   1502 |     76 |      0 |   1184 |   3 |  526.0 |
       Dungeon |   1578 |   1502 |     76 |      0 |   1184 |   3 |  526.0 |
               +--------+--------+--------+--------+--------+-----+--------+

Top non-repeatable levels by time:
     D:2: 780 daAuts
     D:1: 774 daAuts
     D:3: 24 daAuts
